 Dungeon Crawl Stone Soup version 0.30-a0-187-gd9c2deaf24 (webtiles) character file.

Game seed: 9256909020028690172

20 Iusername the Covered (level 2, -1/24 (27) HPs)
             Began as a Minotaur Fighter on Oct 3, 2022.
             Killed by nerve-wracking pain
             ... invoked by Jessica
              (14 damage)
             ... on level 2 of the Dungeon.
             The game lasted 00:00:38 (946 turns).

Iusername the Covered (Minotaur Fighter)             Turns: 946, Time: 00:00:40

HP:   -1/24 (27)    AC:  7    Str: 20    XL:     2   Next: 58%
MP:   1/1           EV:  9    Int:  5    God:
Gold: 38            SH:  4    Dex:  9    Spells: 1/1 levels left

rFire   . . .      SeeInvis .    a - +0 war axe
rCold   . . .      Faith    .    c - +0 buckler
rNeg    . . .      Spirit   .    b - +0 scale mail
rPois   .          Reflect  .    (helmet restricted)
rElec   .          Harm     .    (no cloak)
rCorr   .          Rampage  .    (no gloves)
Will    .....                    (no boots)
Stlth   ..........               (no amulet)
HPRegen 0.24/turn                (no ring)
MPRegen 0.07/turn                (no ring)

@: heavily drained
A: horns 2, retaliatory headbutt
a: no special abilities


You were on level 2 of the Dungeon.
You visited 1 branch of the dungeon, and saw 2 of its levels.

You collected 38 gold pieces.

Inventory:

Hand Weapons
 a - a +0 war axe (weapon)
Armour
 b - a +0 scale mail (worn)
 c - a +0 buckler (worn)
Scrolls
 e - a scroll of teleportation {unknown}
 f - 2 scrolls of noise {unknown}
 g - a scroll of acquirement {unknown}
Potions
 d - a potion of might
 h - a potion of flight {unknown}


   Skills:
 + Level 3.9 Fighting
 + Level 2.8 Axes
 + Level 4.0 Armour
 + Level 3.9 Shields


You had one spell level left.
You didn't know any spells.
Your spell library contained the following spells:

 Spells                   Type           Power      Damage    Failure   Level
 Apportation              Tloc           0%         N/A       89%         1
 Magic Dart               Conj           0%         1d3       89%         1
 Call Imp                 Summ           0%         N/A       96%         2
 Mephitic Cloud           Conj/Pois/Air  0%         N/A       99%         3
 Alistair's Intoxication  Tmut/Pois      0%         N/A       100%        5


Dungeon Overview and Level Annotations

Branches:
Dungeon (2/15)

Altars:

Annotations:
D:2 Jessica


Innate Abilities, Weirdness & Mutations

You have a pair of horns on your head.
You reflexively headbutt those who attack you in melee.


Message History

You hit the adder.
The adder is moderately wounded.
The adder bites you but does no damage. x2
There are monsters nearby!
You barely miss the adder.
The adder is moderately wounded.
The adder bites you.
Jessica points at you and mumbles some strange words.
Pain shoots through your body! The adder bites you but does no damage.
There are monsters nearby!
You closely miss the adder.
The adder is moderately wounded.
Jessica gestures at you while chanting. Pain shoots through your body!
You block the adder's attack. The adder bites you but does no damage.
There are monsters nearby!
You are too injured to fight recklessly!
There are monsters nearby!
You are too injured to fight recklessly!
You hit the adder.
The adder is severely wounded.
You closely miss Jessica. The adder bites you but does no damage.
Jessica gestures wildly.
Jessica mumbles some strange words.
Jessica seems to speed up.
You hit the adder. Your headbutt misses the adder.
The adder is almost dead.
You barely miss Jessica. The adder bites you but does no damage.
Jessica hits you but does no damage.
You feel drained. The adder bites you but does no damage.
Jessica hits you with a +4 dagger of draining.
You feel drained.
You miss the adder. Your headbutt misses the adder.
The adder is almost dead.
You hit Jessica. You block Jessica's attack.
The adder bites you but does no damage.
Jessica points at you and mumbles some strange words.
Pain shoots through your body!
Ouch! That really hurt!
You die...

## ###.# .....
#...#### #......
#....# #.S@.#####
#.@.......
#........$
##..##########
######.[....†......
#<.....#.##########
######.#.# ..#.#
####.# #.#


You could see an adder and Jessica (fast).

Vanquished Creatures
  4 endoplasms
  2 giant cockroaches (D:1)
  2 goblins (D:1)
  2 hobgoblins
  A quokka (D:2)
  A ball python (D:1)
  A bat (D:1)
  2 kobolds (D:1)
  2 rats (D:1)
17 creatures vanquished.

Notes
Turn   | Place    | Note
-------+----------+-------------------------------------------
     0 | D:1      | Iusername the Minotaur Fighter began the quest for the Orb.
     0 | D:1      | Reached XP level 1. HP: 19/19 MP: 0/0
   420 | D:1      | Reached XP level 2. HP: 27/27 MP: 1/1
   589 | D:1      | Reached skill level 4 in Armour
   940 | D:2      | Noticed Jessica
   946 | D:2      | Killed from afar by Jessica

Illustrated notes

Levels and vault maps discovered:
D:1:      dpeg_cavernosity, layout_loops_cross
D:2:      layout_basic, shapermc_ecumenical_altar_gd, uniq_robin, uniq_jessica,
          uniq_natasha

Skill      XL: |  1  2 |
---------------+-------+-----
Armour         | 4 |  4.0
Fighting       | |  3.9
Axes           | |  2.8
Shields        | |  3.9

Action                   || total
-------------------------++-------
Melee: War axe           ||    53
       Headbutt          ||     7
Armor: Scale mail        ||    27
Dodge: Dodged            ||    15
Block: Buckler           ||    11

Table legend: (Time is in decaauts)
 A = Elapsed time spent in this place.
 B = Non-inter-level travel time spent in this place.
 C = Inter-level travel time spent in this place.
 D = Time resting spent in this place.
 E = Time spent auto-exploring this place.
 F = Levels seen in this place.
 G = Mean time per level.
                   A        B        C        D        E       F      G
               +--------+--------+--------+--------+--------+-----+--------+
         Total |    967 |    928 |     39 |      0 |    796 |   2 |  483.5 |
       Dungeon |    967 |    928 |     39 |      0 |    796 |   2 |  483.5 |
               +--------+--------+--------+--------+--------+-----+--------+

Top non-repeatable levels by time:
     D:1: 923 daAuts
     D:2: 43 daAuts
